 Dungeon Crawl Stone Soup version 0.32-a0-913-g739538afd8 (webtiles) character file.

Game seed: 7947402360270743329

79 kae the Changeling (level 4, -6/33 HPs)
             Began as a Demonspawn Shapeshifter on Apr 9, 2024.
             Killed from afar by an orc wizard (10 damage)
             ... with a puff of flame
             ... on level 4 of the Dungeon.
             The game lasted 00:01:40 (2791 turns).

kae the Changeling (Demonspawn Shapeshifter)        Turns: 2791, Time: 00:01:40

Health: -6/33      AC:  2    Str: 15    XL:     4   Next: 16%
Magic:  4/4        EV: 11    Int: 10    God:
Gold:   62         SH:  0    Dex: 14    Spells: 3/3 levels left

rFire   . .          .
                       - Unarmed
rCold   . . .        (no shield)
rNeg    . . .        a - +0 animal skin
rPois   +            (helmet currently unavailable)
rElec   .            (cloak currently unavailable)
rCorr   .            (gloves currently unavailable)
SInv    .            (boots currently unavailable)
Will    .....        (no amulet)
Stlth   +            P - ring of poison resistance
HPRegen 0.25/turn    (no ring)
MPRegen 0.09/turn

%: no passive effects
@: confused, beast-form
A: beast (slay +2), hooves 1, foul stench 1, powered by death 1
a: Begin Untransformation


You were on level 4 of the Dungeon.
You were a hulking beast.
You visited 1 branch of the dungeon, and saw 4 of its levels.

You collected 122 gold pieces.
You spent 60 gold pieces at shops.


Innate Abilities, Weirdness & Mutations

You are a hulking beast.
Your limbs bulge with bestial killing power. (Slay +2)
You have large cloven feet.
You may rarely emit foul miasma when damaged in melee.
You regenerate a little health from kills.


   Skills:
 + Level 2.1 Fighting
 - Level 1.7 Dodging
 + Level 3.2 Unarmed Combat
 * Level 3.6 Shapeshifting


You had 3 spell levels left.
You didn't know any spells.
Your spell library was empty.

Inventory:

Missiles
 e - 39 stones (quivered)
 h - 5 boomerangs
 j - 5 atropa-tipped darts
 k - 3 javelins
 l - 5 poisoned darts
 o - a throwing net {=f!f}
Armour
 a - a +0 animal skin (worn)
Jewellery
 P - a ring of poison resistance (left hand)
   (You found it on level 3 of the Dungeon)
 T - an amulet of faith {!P}
   (You found it on level 3 of the Dungeon)
Talismans
 c - a beast talisman (active)
 d - a flux talisman
Scrolls
 m - a scroll of enchant weapon
Potions
 b - a potion of lignification {!q}
 f - a potion of berserk rage {unknown}
 g - a potion of haste {unknown}
 i - a potion of mutation {!q}
 n - a potion of heal wounds {@q2}
 p - a potion of might

Dungeon Overview and Level Annotations

Branches:
Dungeon (4/15) Zot: 21215
 Temple: D:4-7

Altars:
Dithmenos
Yredelemnul

Shops:
D:2 *[!   D:3 (

Annotations:
D:3 2 transporters

....##....## . #
##....#.##..## .. ..##
#...(##.#...<# ...
#...###....#.....#......#
#.........##....###..####
##....##.......##...#
.#...................#
.........{<......#....#
..........h......#...##
........##).†.........#
...................# ..#
#............##.#.## .#
........####.....## #
...........#.....#
................##
......###o##...##
......###.....##


There were no monsters in sight!


Message History

You hit the orc.
The orc wizard casts a spell.
The orc wizard flickers and vanishes!
Deactivating autopickup; reactivate with Ctrl-A.
The orc hits you with a +0 flail!
You are too injured to fight recklessly!
There are monsters nearby!
You are too injured to fight recklessly!
You are too injured to fight recklessly! 😮 HP[-10]
You take 10 damage, and now have 23/33 hp.
MASSIVE DAMAGE!! (PAUSE)
The orc barely misses you. 😮 HP[+1] 😕 HP[+1] 😕 HP[+1]
There is an escape hatch in the ceiling here.
You punch the orc!
You kill the orc! 😕 HP[+2]
You regained 2 hp, and now have 28/33 hp.
You punch the orc!
You kill the orc! 😕 HP[+2]
You regained 2 hp, and now have 30/33 hp.
Things that are here:
a +0 whip; a +0 flail; an orc corpse; 😕 HP[+2]
You regained 2 hp, and now have 32/33 hp.
You barely miss the orc. Your kick misses the orc.
The orc hits you with a +0 flail.
You emit a cloud of foul miasma! 😕 HP[-4]
You take 4 damage, and now have 28/33 hp.
The orc is engulfed in dark miasma.
The orc is poisoned.
You kill the orc!
There is an escape hatch in the ceiling here. 😕 HP[+2]
You regained 2 hp, and now have 30/33 hp.
You start resting. 😎 HP[+3]
Your hp is fully restored (33).
You start waiting.
Something hits you. 😕 HP[-2]
You take 2 damage, and now have 31/33 hp.
Unknown command.
You hear some strange, mumbled words.
You are confused. 😎 HP[+2]
Your hp is fully restored (33).
You hear some strange, mumbled words.
Something tries to affect you, but you resist.
Unknown command.
You hear some strange, mumbled words.
You are more confused.
You hear some strange, mumbled words.
You are more confused.
You bump into the rock wall.
Something hits you. 😕 HP[-3]
You take 3 damage, and now have 30/33 hp.
Unknown command.
You barely miss something. Your kick misses something.
Something hits you. 😕 HP[-1]
You take 1 damage, and now have 29/33 hp.
You miss something. Your kick misses something. Something hits you. 😕 HP[-2]
You take 2 damage, and now have 27/33 hp.
Unknown command.
Something hits you.
You emit a cloud of foul miasma! 😮 HP[-3]
You take 3 damage, and now have 24/33 hp.
You barely miss something. You kick something. Something hits you. 😮 HP[-3]
You take 3 damage, and now have 21/33 hp.
You hear some strange, mumbled words.
You are more confused. 😮 HP[+1]
You hear some strange, mumbled words.
A puff of flame appears from out of thin air!
The puff of flame hits you!
* * * LOW HITPOINT WARNING * * *
😨 HP[-8]
You take 8 damage, and now have 14/33 hp.
MASSIVE DAMAGE!! (PAUSE)
Something hits you.
* * * LOW HITPOINT WARNING * * *
There is an escape hatch in the ceiling, spattered with blood here. 😨 HP[-2]
You take 2 damage, and now have 12/33 hp.
Something hits you but does no damage.
You hear some strange, mumbled words.
A puff of flame appears from out of thin air!
The puff of flame hits you!
* * * LOW HITPOINT WARNING * * *
Things that are here:
a +0 flail; a boomerang; an orc corpse; 😱 HP[-8]
You take 8 damage, and now have 4/33 hp.
MASSIVE DAMAGE!! (PAUSE)
You hear some strange, mumbled words.
A puff of flame appears from out of thin air!
The puff of flame hits you!
You die...

Skill      XL: |  1  2  3 |
---------------+----------+-----
Shapeshifting  | 3 |  3.6
Unarmed Combat | 3 |  3.2
Fighting       | 2 |  2.1
Dodging        | |  1.7

Action                     |  1- 3 |  4- 6 || total
---------------------------+-------+-------++-------
  Melee: Unarmed           |    96 |    12 ||   108
         Punch             |     1 |       ||     1
         Kick              |       |     3 ||     3
    Use: Scroll            |     4 |       ||     4
   Stab: Sleeping          |     2 |       ||     2
 Armour: Animal skin       |    54 |    15 ||    69
  Dodge: Dodged            |    57 |     4 ||    61

Levels and vault maps discovered:
D:1:      dpeg_arrival_simpleton_c, layout_loops_ring
D:2:      layout_loops_corners, basic_altar, serial_shops, shop,
          nicolae_shop_tiny_waterfront, nicolae_diamond_shop,
          ebering_ecumenical_altar_webs, minmay_close_crescents
D:3:      gammafunk_wand_slinger, layout_basic, mainiacjoe_overflow_alcove_2,
          serial_shops, nicolae_shop_mannequins, nicolae_houndstooth_variations
D:4:      layout_cave_pools, makhleb_heckhound_becter, minmay_manual_monstrance

Notes
Turn   | Place    | Note
-------+----------+-------------------------------------------
     0 | D:1      | kae the Demonspawn Shapeshifter began the quest for the
                  | Orb.
     0 | D:1      | Reached XP level 1. HP: 15/15 MP: 1/1
     0 | D:1      | magus.rc [v1.11.3]
   354 | D:1      | Gained mutation: You may rarely emit foul miasma when
                  | damaged in melee. [demonic ancestry]
   354 | D:1      | Reached XP level 2. HP: 19/21 MP: 2/2
   544 | D:1      | Reached skill level 3 in Shapeshifting
   908 | D:2      | Found Macesm's Distillery.
   920 | D:2      | Reached skill level 3 in Unarmed Combat
   928 | D:2      | Gained mutation: You regenerate a little health from kills.
                  | [demonic ancestry]
   928 | D:2      | Reached XP level 3. HP: 12/27 MP: 3/3
   933 | D:2      | HP: 6/27 [poisoned by an adder]
  1024 | D:2      | Bought a potion of heal wounds for 60 gold pieces
  1134 | D:2      | Found Naymur's General Store.
  1166 | D:2      | Found a shadowy altar of Dithmenos.
  1395 | D:2      | Found a faded altar of an unknown god.
  1520 | D:2      | Found Ludyrom's Armour Shop.
  1745 | D:3      | Noticed a +0 demon blade
  1747 | D:3      | Found Geolus Lug's Weapon Boutique.
  1749 | D:3      | Noticed a +0 executioner's axe
  1876 | D:3      | Found a transporter.
  1885 | D:3      | Found a transporter.
  2385 | D:3      | Reached skill level 2 in Fighting
  2494 | D:3      | Found a basalt altar of Yredelemnul.
  2728 | D:4      | Gained mutation: You have large cloven feet. [demonic
                  | ancestry]
  2728 | D:4      | Reached XP level 4. HP: 33/33 MP: 4/4
  2790 | D:4      | HP: 4/33 [something/puff of flame (9)]
  2791 | D:4      | Killed from afar by an orc wizard

Vanquished Creatures
  3 adders (D:2)
  A dart slug (D:2)
  A ribbon worm (D:3)
  4 orcs
  4 bats
  4 endoplasms
  2 giant cockroaches
  8 goblins
  A hobgoblin (D:3)
  3 jackals (D:4)
  5 kobolds
  A quokka (D:2)
  A ball python (D:1)
  A frilled lizard (D:3)
  A rat (D:2)
40 creatures vanquished.

Table legend:
 A = Non-vault XP
 B = Vault XP
 C = Vault XP percentage of total XP
 D = Non-vault monster count
 E = Vault monster count
 F = Vault count percentage of total count
                 A         B        C        D         E       F
            +---------+---------+-------+---------+---------+-------
      Total |     111 |       2 |   1.8 |      38 |       2 |   5.0
            +---------+---------+-------+---------+---------+-------
        D:1 |      18 |       0 |   0.0 |      10 |       0 |   0.0
        D:2 |      60 |       2 |   3.2 |      14 |       2 |  12.5
        D:3 |      16 |       0 |   0.0 |       7 |       0 |   0.0
        D:4 |      17 |       0 |   0.0 |       7 |       0 |   0.0
            +---------+---------+-------+---------+---------+-------

Skill      XL: |  1  2  3 |
---------------+----------+-----
Shapeshifting  | 3 |  3.6
Unarmed Combat | 3 |  3.2
Fighting       | 2 |  2.1
Dodging        | |  1.7

Action                     |  1- 3 |  4- 6 || total
---------------------------+-------+-------++-------
  Melee: Unarmed           |    96 |    12 ||   108
         Punch             |     1 |       ||     1
         Kick              |       |     3 ||     3
    Use: Scroll            |     4 |       ||     4
   Stab: Sleeping          |     2 |       ||     2
 Armour: Animal skin       |    54 |    15 ||    69
  Dodge: Dodged            |    57 |     4 ||    61

Illustrated notes

Table legend:
 A = Kills in this place as a percentage of kills in the entire game.
 B = Kills by you in this place as a percentage of kills by you in the entire game.
 C = Kills by friends in this place as a percentage of kills by friends in the entire game.
 D = Other kills in this place as a percentage of other kills in the entire game.
 E = Experience gained in this place as a percentage of experience gained in the entire game.
 F = Experience gained in this place divided by the number of levels of this place that you have seen.
                   A       B       C       D       E      F
               +-------+-------+-------+-------+-------+----------------------
         Total | 100.0 | 100.0 |   N/A |   N/A | 100.0 |  28.2
       Dungeon | 100.0 | 100.0 |   N/A |   N/A | 100.0 |  28.2
               +-------+-------+-------+-------+-------+----------------------

Table legend: (Time is in decaauts)
 A = Elapsed time spent in this place.
 B = Non-inter-level travel time spent in this place.
 C = Inter-level travel time spent in this place.
 D = Time resting spent in this place.
 E = Time spent auto-exploring this place.
 F = Levels seen in this place.
 G = Mean time per level.
                   A        B        C        D        E       F      G
               +--------+--------+--------+--------+--------+-----+--------+
         Total |   2783 |   2714 |     69 |    123 |   2288 |   4 |  695.8 |
       Dungeon |   2783 |   2714 |     69 |    123 |   2288 |   4 |  695.8 |
               +--------+--------+--------+--------+--------+-----+--------+

Top non-repeatable levels by time:
     D:3: 1014 daAuts
     D:2: 979 daAuts
     D:1: 721 daAuts
     D:4: 68 daAuts
